 Dungeon Crawl Stone Soup version 0.31.0-9-g3a7656b989 (webtiles) character file.

Game seed: 4786348762076670950

53 qw the Shooter (level 3, -1/18 HPs)
             Began as a Spriggan Hunter on Feb 2, 2024.
             Slain by a gnoll
             ... wielding a +0 spear
              (4 damage)
             ... on level 2 of the Dungeon.
             The game lasted 00:00:02 (688 turns).

qw the Shooter (Spriggan Hunter)                     Turns: 688, Time: 00:00:02

Health: -1/18      AC:  2    Str:  7    XL:     3   Next: 62%
Magic:  4/4        EV: 19    Int: 10    God:
Gold:   18         SH:  0    Dex: 20    Spells: 2/2 levels left

rFire   . . .        a - +0 shortbow (freeze)
rCold   . . .        (shield currently unavailable)
rNeg    . . .        c - +0 robe
rPois   .            (helmet restricted)
rElec   .            (no cloak)
rCorr   .            (gloves unavailable)
SInv    +            (boots unavailable)
Will    .....        (no amulet)
Stlth   ++           (no ring)
HPRegen 0.23/turn    (no ring)
MPRegen 0.09/turn

%: no passive effects
@: very quick
A: very small, no large weapons, unfitting armour, see invisible, speed 3
a: no special abilities


You were on level 2 of the Dungeon.
You visited 1 branch of the dungeon, and saw 2 of its levels.

You collected 18 gold pieces.


Innate Abilities, Weirdness & Mutations

You are very small and have problems with some larger weapons.
You are too small for most types of armour.
You have supernaturally acute eyesight. (SInv)
You cover ground extremely quickly. (Speed+++)


   Skills:
 - Level 1.5 Fighting
 + Level 4.9 Ranged Weapons
 - Level 4.0 Dodging
 - Level 1.5 Stealth


You had 2 spell levels left.
You didn't know any spells.
Your spell library was empty.

Inventory:

Hand Weapons
 a - a +0 shortbow of freezing (weapon)
Armour
 c - a +0 robe (worn)
Jewellery
 b - a ring of ice
Wands
 f - a wand of roots (8)
Potions
 d - a potion of haste
 e - a potion of invisibility {unknown}
 g - a potion of enlightenment {unknown}

Dungeon Overview and Level Annotations

Branches:
Dungeon (2/15)

Altars:


Message History

Your experience leads to an increase in your attributes!
Increase (S)trength, (I)ntelligence, or (D)exterity?
You feel agile. x2
You shoot an arrow. The arrow hits the gnoll!
The arrow freezes the gnoll.
The gnoll is severely wounded.
A gnoll comes into view. It is wielding a +0 whip.
The gnoll closely misses you.
You shoot an arrow. The arrow hits the gnoll.
The arrow freezes the gnoll.
The gnoll is moderately wounded.
Your extra speed is starting to run out.
The gnoll misses you. The gnoll hits you with a +0 whip!
You shoot an arrow. The arrow hits the gnoll.
The arrow freezes the gnoll.
The gnoll is moderately wounded.
The gnoll misses you. x2
You shoot an arrow. The arrow hits the gnoll!
The arrow freezes the gnoll.
You kill the gnoll!
The gnoll misses you.
You shoot an arrow. The arrow barely misses the gnoll.
You shoot an arrow. The arrow hits the gnoll.
The arrow freezes the gnoll.
The gnoll is moderately wounded.
The gnoll closely misses you.
The gnoll hits you from afar with a +0 halberd.
You shoot an arrow. The arrow barely misses the gnoll.
The gnoll hits you with a +0 spear. The gnoll barely misses you.
You shoot an arrow. The arrow barely misses the gnoll.
You shoot an arrow. The arrow hits the gnoll.
The arrow freezes the gnoll.
The gnoll is heavily wounded.
The gnoll barely misses you. x2
You shoot an arrow. The arrow hits the gnoll.
The arrow freezes the gnoll.
The gnoll is almost dead.
You feel yourself slow down. The gnoll closely misses you.
The gnoll completely misses you.
You shoot an arrow. The arrow hits the gnoll.
The arrow freezes the gnoll.
You kill the gnoll!
A gnoll comes into view. It is wielding a +0 spear.
The gnoll misses you.
You shoot an arrow.
The arrow hits the gnoll but does no damage.
The gnoll hits you with a +0 spear.
You die...

######## #......#
#.####.##
#####....>..#
#.@.....<#..#######
#g###.##..|........
#.g #.####..##.####
#.# #.......##.# #
#. #.%.....##.# ##
##########.# #.#
#.# #.#


You could see 2 gnolls.

Vanquished Creatures
  3 gnolls (D:2)
  2 endoplasms (D:1)
  A giant cockroach (D:1)
  2 hobgoblins
  3 jackals (D:1)
  3 kobolds (D:1)
  2 quokkas (D:1)
  A ball python (D:1)
  3 bats (D:1)
  A frilled lizard (D:1)
  A rat (D:1)
22 creatures vanquished.

Notes
Turn   | Place    | Note
-------+----------+-------------------------------------------
     0 | D:1      | qw the Spriggan Hunter began the quest for the Orb.
     0 | D:1      | Reached XP level 1. HP: 10/10 MP: 2/2
     0 | D:1      | 0 ||| qw: Version: 0.3-a-155-g5e7d8dd
     0 | D:1      | 0 ||| qw: Game counter: 453
     0 | D:1      | 0 ||| qw: Melee chars always use a shield: true
     0 | D:1      | 0 ||| qw: God list: Okawaru
     0 | D:1      | 0 ||| qw: Allow faded altars: false
     0 | D:1      | 0 ||| qw: Do Orc after clearing Dungeon:15 true
     0 | D:1      | 0 ||| qw: Do second Lair branch before Depths: true
     0 | D:1      | 0 ||| qw: Lair rune preference: random
     0 | D:1      | 0 ||| qw: Goals: Normal
     0 | D:1      | 0 ||| PLANNING D:1-11
    45 | D:1      | Reached skill level 3 in Dodging
    54 | D:1      | 54 ||| READING scroll labelled KUGUDGH OBAF.
    55 | D:1      | 55 ||| DROPPING scroll of butterflies.
   317 | D:1      | Reached XP level 2. HP: 14/14 MP: 3/3
   634 | D:1      | 634 ||| READING scroll labelled PUKLEM NEMMUM.
   634 | D:1      | 634 ||| BRANDING +0 shortbow.
   635 | D:1      | 635 ||| DRINKING 2 cyan potions.
   677 | D:2      | Reached XP level 3. HP: 18/18 MP: 4/4
   683 | D:2      | HP: 2/18 [gnoll/+0 spear (3)]
   688 | D:2      | Slain by a gnoll

Levels and vault maps discovered:
D:1:      roderic_chinese_lattice_arrival, layout_basic,
          nicolae_kite_square_tiling_tiny, amcnicky_mini_rare_corridor_liquid,
          nicolae_the_louvre
D:2:      cheibrodos_helix_gallery, layout_loops_cross,
          chequers_ecumenical_altar_simple, serial_aquarium,
          aquarium_bridge_square [aquarium_subvault_bridge,
          aquarium_subvault_bridge, aquarium_subvault_wall,
          aquarium_subvault_bridge], aquarium_bridge_island_small
          [aquarium_subvault_small_open, aquarium_subvault_wall,
          aquarium_subvault_window, aquarium_subvault_bridge,
          aquarium_subvault_window], aquarium_window_fake, aquarium_window_2,
          aquarium_window_1, aquarium_window_1, aquarium_view_2d, uniq_jessica,
          uniq_natasha, uniq_robin

Skill      XL: |  1  2 |
---------------+-------+-----
Dodging        | 3 4 |  4.0
Fighting       | |  1.5
Ranged Weapons | |  4.9
Stealth        | |  1.5

Action                     || total
---------------------------++-------
   Fire: Shortbow          ||    55
    Use: Scroll            ||     2
         Potion            ||     1
 Armour: Robe              ||     5
  Dodge: Dodged            ||    25

Table legend:
 A = Non-vault XP
 B = Vault XP
 C = Vault XP percentage of total XP
 D = Non-vault monster count
 E = Vault monster count
 F = Vault count percentage of total count
                 A         B        C        D         E       F
            +---------+---------+-------+---------+---------+-------
      Total |      76 |       0 |   0.0 |      22 |       0 |   0.0
            +---------+---------+-------+---------+---------+-------
        D:1 |      30 |       0 |   0.0 |      18 |       0 |   0.0
        D:2 |      46 |       0 |   0.0 |       4 |       0 |   0.0
            +---------+---------+-------+---------+---------+-------
